Map: Echo LE (Void)

Players

elastic - Winner!

  • Race: Zerg Zerg
  • League: Diamond
  • Spawn Location: 11:00

Musumeci

  • Race: Zerg Zerg
  • League: Diamond
  • Spawn Location: 5:00

VOD

Have the link to the VOD?

Description

Time

  • Played on: Jan. 8, 2017, 9:33 a.m.
  • Length: 9:45
Show
View Real Time Build Order
Export as new Build Order

elastic Zerg - Winner!

Build Orders: Hatch First 

Get SALT Encoding   

  12  0:01  Drone  
  13  0:13  Overlord  
  13  0:17  Drone  
  14  0:31  Drone x2  
  14  0:35  Drone  
  17  0:52  Hatchery  
  17  0:55  Drone  
  17  1:09  Spawning Pool  
  17  1:11  Drone  
  17  1:14  Drone  
  17  1:18  Drone  
  19  1:22  Extractor  
  18  1:29  Drone  
  19  1:41  Overlord  
  19  1:52  Drone  
  20  1:56  Queen  
  22  2:02  Zergling x2  
  22  2:04  Queen  
  22  2:05  Drone  
  26  2:13  Drone  
  27  2:18  Drone  
  28  2:27  Drone x2  
  30  2:36  Drone  
  31  2:43  Zergling x4  
  33  2:49  Hatchery, Zergling x2  
  32  3:00  Zergling x4  
  34  3:09  Queen  
  34  3:12  Metabolic Boost  
  34  3:17  Overlord  
  34  3:18  Zergling x4  
  36  3:25  Baneling Nest  
  35  3:48  Drone  
  35  3:49  Drone x6  
  35  3:52  Overlord  
  35  3:54  Drone  
  43  4:00  Overlord  
  43  4:03  Queen  
  43  4:08  Extractor  
  44  4:16  Drone x4  
  44  4:17  Drone  
  49  4:23  Drone x3  
  51  4:33  Drone x3  
  51  4:34  Drone x4, Roach Warren  
  57  4:40  Lair  
  57  4:42  Overlord  
  57  4:44  Drone  
  57  4:45  Drone  
  59  5:01  Drone x2  
  59  5:02  Drone  
  62  5:13  Overlord  
  62  5:14  Overlord  
  61  5:22  Spine Crawler  
  61  5:23  Roach x4  
  68  5:29  Evolution Chamber  
  67  5:38  Roach x4  
  67  5:39  Roach, Overlord  
  67  5:40  Roach  
  67  5:41  Roach x3  
  85  5:43  Glial Reconstitution  
  85  5:50  Roach x2  
  85  5:51  Overlord x2  
  89  5:57  Zerg Missile Weapons Level 1  
  89  6:04  Extractor  
  89  6:05  Roach x4  
  96  6:19  Roach x5  
  96  6:21  Overlord x2  
  106  6:29  Unknown  
  106  6:53  Roach x5  
  116  6:58  Roach x5  
  116  6:59  Roach  
  128  7:06  Overlord x2  
  128  7:14  Overlord  
  128  7:15  Overlord  
  128  7:22  Ravager  
  129  7:23  Overlord x2  
  129  7:27  Ravager x2  
  118  7:38  Roach x6  
  118  7:39  Roach x2  
  134  7:52  Extractor, Ravager  
  134  7:57  Ravager  
  136  7:58  Zergling x6  
  136  7:59  Zergling x16  
  146  8:08  Ravager  
  145  8:14  Roach x2  
  149  8:20  Overseer  
  149  8:30  Zergling x2, Overlord  
  149  8:31  Zergling x20  
  138  8:49  Roach x9  
  147  9:02  Roach x4  
  149  9:03  Roach x2  
  140  9:13  Overseer  
  140  9:15  Overseer  
  134  9:19  Roach x5  
  123  9:39  Ravager  
Show
View Real Time Build Order
Export as new Build Order

Musumeci Zerg 

Build Orders: Hatch First 

Get SALT Encoding   

  12  0:01  Drone  
  13  0:08  Drone  
  14  0:15  Extractor  
  14  0:16  Drone  
  15  0:24  Overlord  
  15  0:44  Drone x2  
  15  0:46  Drone  
  18  0:58  Hatchery  
  18  1:03  Drone  
  18  1:20  Spawning Pool  
  18  1:23  Extractor  
  16  1:49  Drone  
  16  1:50  Drone x2  
  19  2:08  Spine Crawler  
  19  2:09  Zergling x2  
  19  2:10  Zergling x2  
  19  2:11  Queen x2  
  19  2:12  Zergling x2  
  25  2:20  Overlord  
  25  2:22  Zergling x2  
  27  2:34  Drone x2  
  27  2:35  Metabolic Boost  
  28  2:44  Drone x2  
  30  3:01  Drone x2  
  30  3:10  Drone x2  
  31  3:14  Drone  
  31  3:18  Zergling x2  
  33  3:23  Roach Warren  
  33  3:25  Evolution Chamber  
  31  3:32  Drone x4  
  35  3:35  Extractor  
  35  3:48  Drone  
  35  3:53  Overlord  
  35  4:04  Evolution Chamber  
  34  4:11  Overlord  
  34  4:12  Overlord  
  34  4:17  Evolution Chamber  
  34  4:21  Roach x5  
  44  4:33  Drone x4  
  48  4:41  Drone  
  49  4:49  Hatchery  
  48  4:56  Roach x3  
  48  4:59  Drone  
  57  5:00  Drone x2  
  57  5:02  Zerg Missile Weapons Level 1  
  57  5:04  Lair  
  57  5:09  Hatchery  
  57  5:13  Drone x2  
  59  5:17  Overlord x2  
  59  5:33  Overlord  
  59  5:39  Extractor  
  59  5:40  Extractor  
  57  5:43  Drone  
  57  5:44  Drone x2  
  57  5:45  Drone x3  
  57  5:46  Drone  
  57  5:48  Drone  
  65  5:52  Zerg Ground Armor Level 1  
  65  5:53  Drone  
  66  6:01  Glial Reconstitution  
  66  6:03  Roach x6  
  78  6:06  Overlord  
  78  6:09  Overseer  
  78  6:16  Roach x2  
  82  6:35  Roach x7  
  82  6:39  Drone  
  97  6:40  Overlord  
  97  6:53  Overlord x2  
  97  6:56  Zerg Missile Weapons Level 2  
  97  6:58  Queen  
  99  7:06  Drone x2  
  99  7:07  Drone x4  
  105  7:13  Ravager x3  
  105  7:15  Roach x2  
  112  7:35  Burrow  
  112  7:36  Roach  
  110  7:37  Roach x9  
  120  7:52  Overlord  
  120  7:53  Overlord x4  
  120  7:55  Extractor  
  120  7:57  Extractor  
  118  8:03  Ravager  
  119  8:12  Roach x3  
  123  8:16  Drone x10  
  133  8:34  Roach x13  
  133  8:38  Roach x6  
  133  8:39  Roach x2  
  120  8:53  Roach x13  
  120  8:54  Roach  
  120  8:55  Roach x8  
  125  9:01  Roach x4  
  111  9:03  Roach x4  
  111  9:06  Roach x2  
  111  9:08  Roach x2  
  95  9:13  Roach  
  95  9:14  Roach x7  
  98  9:17  Roach x3  
Tags
 
Add a new tag
Caveats
  • Supply blocks, unpowered buildings, or Contaminate may cause inaccurate times.
  • Supply counts are checked every 10 seconds.